 Dungeon Crawl Stone Soup version 0.25-a0-834-g55863b0b92 (webtiles) character file.

Game seed: 1247942659176455962, levelgen mode: deterministic

4756 Error4North the Cleaver (level 10, -22/90 HPs)
             Began as a Hill Orc Fighter on Apr 22, 2020.
             Was a Priest of Okawaru.
             Killed from afar by Erica (39 damage)
             ... with a bolt of poison
             ... on level 8 of the Dungeon.
             The game lasted 00:32:02 (8387 turns).

Error4North the Cleaver (Hill Orc Fighter)          Turns: 8387, Time: 00:32:03

Health: -22/90     AC: 12    Str: 25    XL:     10   Next: 46%
Magic:  9/10       EV: 11    Int:  8    God:    Okawaru [***...]
Gold:   520        SH: 13    Dex: 10    Spells: 9/9 levels left

rFire    . . .     SeeInvis .   a - +0 war axe
rCold    . . .     Gourm    .   c - +0 kite shield
rNeg     . . .     Faith    .   q - +0 chain mail
rPois    .         Spirit   .   (no helmet)
rElec    .         Reflect  .   (no cloak)
rCorr    .         Harm     .   (no gloves)
MR       .....                  (no boots)
Stlth    ..........             (no amulet)
HPRegen  0.25/turn              (no ring)
MPRegen  0.12/turn              (no ring)

@: lethally poisoned (-22 -> -31), heroism, flying, lightly drained
A: low mp 2, strong 1
a: Heroism, Renounce Religion


You were on level 8 of the Dungeon.
You worshipped Okawaru.
Okawaru was most pleased with you.
You were not hungry.

You visited 2 branches of the dungeon, and saw 9 of its levels.
You also visited: Ossuary.

You collected 520 gold pieces.

Inventory:

Hand Weapons
 a - a +0 war axe (weapon)
Missiles
 n - 8 boomerangs (quivered)
Armour
 c - a +0 kite shield (worn)
 q - a +0 chain mail (worn)
 E - a +0 plate armour
Jewellery
 y - a +3 ring of protection {unknown}
Wands
 u - a wand of disintegration (12)
 F - a wand of random effects (18)
Scrolls
 b - a scroll of brand weapon {unknown}
 h - 2 scrolls of noise {unknown}
 i - 2 scrolls of amnesia
 j - 5 scrolls of teleportation
 k - 2 scrolls of fear {unknown}
 l - a scroll of enchant armour {unknown}
 m - 6 scrolls of identify
 r - a scroll of enchant weapon {unknown}
 w - 6 scrolls of remove curse {unknown}
 x - a scroll of acquirement {unknown}
 z - a scroll of random uselessness {unknown}
 A - a scroll of fog {unknown}
 C - a scroll of immolation {unknown}
Potions
 d - 3 potions of might
 e - 2 potions of ambrosia
 o - 3 potions of flight
 p - 2 potions of berserk rage
 s - 2 potions of haste
 B - 2 potions of brilliance {unknown}
 D - a potion of magic {unknown}
Comestibles
 f - 12 rations


   Skills:
 * Level 8.4(13.3) Fighting
 + Level 10.9(15.8) Axes
 * Level 8.2(13.1) Armour
 + Level 1.5(6.4) Dodging
 + Level 0.1(4.9) Stealth
 * Level 8.2(13.1) Shields
 * Level 4.9(4.7) Invocations
 * Level 1.5(1.4) Evocations


You had 9 spell levels left.
You didn't know any spells.
Your spell library contained the following spells:

 Spells                   Type           Power        Failure   Level  Hunger
 Summon Small Mammal      Summ           #...         94%         1    ##.....
 Call Imp                 Summ           #.......     98%         2    ###....
 Call Canine Familiar     Summ           #.......     100%        3    ####...
 Summon Guardian Golem    Hex/Summ       #.......     100%        3    ####...
 Summon Ice Beast         Ice/Summ       #.......     100%        4    #####..
 Summon Lightning Spire   Summ/Air       #.......     100%        4    #####..


Dungeon Overview and Level Annotations

Branches:
Dungeon (8/15)             Temple (1/1) D:4         Ossuary (visited)
   Lair: D:8-11

Altars:
Ashenzari
Cheibriados
Dithmenos
Elyvilon
Fedhas
Gozag
Hepliaklqana
Kikubaaqudgha
Makhleb
Nemelex Xobeh
Okawaru
Qazlal
Ru
Sif Muna
Trog
Uskayaw
Vehumet
Wu Jian
Xom
Yredelemnul
Zin
The Shining One

Shops:
D:4 =   D:5 (

Annotations:
D:8 Erica


Innate Abilities, Weirdness & Mutations

Your magical capacity is very low. (-20% MP)
Your muscles are strong. (Str +2)


Message History

You slash the scorpion!
The scorpion is almost dead.
You hit Erica.
Erica screams, "Die!"
Erica hits you but does no damage.
You slice Erica!!
Erica is severely wounded.
You closely miss the scorpion. You block the scorpion's attack.
You closely miss Erica.
Erica is severely wounded.
You slash the scorpion!
You kill the scorpion!
Okawaru accepts your kill. Erica hits you but does no damage.
You closely miss Erica.
Erica is severely wounded.
Erica gestures at you while chanting. The bolt of poison hits you!!!
You are poisoned.
You die...

#.#.......#..# ####
....._..... ...#
#.......# ##.# #.......#
##.# # #..)..# ##.#
#.####.####.# ##.#
#.....).....## ##.#
####@.........
##.#############@#.######
##>..............#.#
##################.# # .#
.# .# .#


You could see Erica.

Vanquished Creatures
  A two-headed ogre (D:7)
  Prince Ribbit (D:5)
  A troll (D:8)
  A hippogriff (D:8)
  A wraith (Ossuary)
  A hungry ghost (D:8)
  Menkaure (D:5)
  An orc warrior (D:8)
  An ogre (D:7)
  2 sky beasts
  An ice beast (D:5)
  A phantom (D:3)
  A big kobold (D:7)
  A crocodile (D:6)
  5 bullfrogs
  A water moccasin zombie (D:5)
  A scorpion (D:8)
  5 wights
  3 crimson imps
  2 quasits
  3 hounds
  5 jellies
  A bullfrog skeleton (D:6)
  A centaur zombie (D:8)
  5 orc priests
  6 gnoll shamans (D:5)
  A centaur skeleton (D:4)
  An iguana (D:5)
  5 orc wizards
  3 worker ants
  2 mummies
  2 hound skeletons
  A worker ant zombie (D:5)
  36 gnolls
  16 adders
  4 shadow imps
  2 adder zombies
  An adder skeleton (D:4)
  6 worms
  2 dart slugs
  6 leopard geckos
  23 orcs
  3 ball pythons
  9 giant cockroaches
  10 goblins
  7 hobgoblins
  25 jackals
  8 kobolds
  A quokka (D:3)
  A ball python skeleton (D:5)
  10 bats
  9 frilled lizards
  5 gnoll skeletons (Ossuary)
  A jackal zombie (D:4)
  2 kobold skeletons (Ossuary)
  2 kobold zombies (D:8)
  A leopard gecko zombie (D:4)
  18 orc skeletons (Ossuary)
  A quokka skeleton (D:7)
  2 quokka zombies
  7 rats
286 creatures vanquished.

Notes
Turn   | Place    | Note
-------+----------+-------------------------------------------
     0 | D:1      | Error4North the Hill Orc Fighter began the quest for the
                  | Orb.
     0 | D:1      | Reached XP level 1. HP: 19/19 MP: 1/1
   110 | D:1      | Reached XP level 2. HP: 27/27 MP: 2/2
   692 | D:2      | Reached XP level 3. HP: 34/34 MP: 3/3
   863 | D:2      | Reached skill level 3 in Axes
   863 | D:2      | Reached XP level 4. HP: 40/41 MP: 4/4
   984 | D:2      | HP: 2/41 [worm (7)]
  1556 | D:3      | Reached XP level 5. HP: 42/47 MP: 5/5
  1559 | D:3      | Found a radiant altar of Vehumet.
  1560 | D:3      | Found a basalt altar of Yredelemnul.
  1775 | D:3      | Noticed a phantom
  1807 | D:3      | Reached skill level 4 in Axes
  1812 | D:3      | Killed a phantom
  1812 | D:3      | Reached skill level 5 in Fighting
  1812 | D:3      | Reached XP level 6. HP: 23/56 MP: 6/6
  2549 | D:4      | Reached skill level 5 in Axes
  2587 | D:4      | Found a staircase to the Ecumenical Temple.
  2744 | Temple   | Entered the Ecumenical Temple
  2812 | Temple   | Became a worshipper of Warmaster Okawaru
  2868 | D:4      | Found Zasileux's Jewellery Emporium.
  2877 | D:4      | Reached skill level 5 in Shields
  3390 | D:4      | Found a bloodstained altar of Trog.
  3407 | D:4      | Found a shadowy altar of Dithmenos.
  3524 | D:5      | Entered Level 5 of the Dungeon
  3526 | D:5      | Noticed Menkaure
  3693 | D:5      | Reached XP level 7. HP: 29/61 MP: 7/7
  3701 | D:5      | Reached skill level 1 in Dodging
  3935 | D:5      | Noticed Prince Ribbit
  4288 | D:5      | Killed Menkaure
  4288 | D:5      | Reached skill level 6 in Axes
  4288 | D:5      | Reached skill level 5 in Armour
  4369 | D:5      | Found Miorchylue's Antique Weapon Boutique.
  4399 | D:5      | Reached * piety under Okawaru
  4399 | D:5      | Reached XP level 8. HP: 53/70 MP: 8/8
  4855 | D:5      | Reached skill level 7 in Axes
  5096 | D:5      | Killed Prince Ribbit
  5096 | D:5      | Reached skill level 1 in Invocations
  5232 | D:5      | Reached ** piety under Okawaru
  5729 | D:5      | Reached skill level 8 in Axes
  5729 | D:5      | Reached XP level 9. HP: 76/78 MP: 8/10
  5780 | D:5      | Found a basalt altar of Yredelemnul.
  5864 | D:5      | Found a blossoming altar of Fedhas.
  5866 | D:5      | Found a stormy altar of Qazlal.
  5866 | D:5      | Found a glowing golden altar of the Shining One.
  5868 | D:5      | Found a white marble altar of Elyvilon.
  5868 | D:5      | Found a shimmering altar of Xom.
  5868 | D:5      | Found a glowing golden altar of the Shining One.
  6113 | D:6      | Found an ornate altar of the Wu Jian Council.
  6346 | D:6      | Found an ancient bone altar of Kikubaaqudgha.
  6877 | D:7      | Reached skill level 9 in Axes
  6961 | D:7      | Noticed a two-headed ogre
  6969 | D:7      | Killed a two-headed ogre
  6969 | D:7      | Reached *** piety under Okawaru
  7128 | D:7      | Reached skill level 10 in Axes
  7155 | D:7      | Reached XP level 10. HP: 52/88 MP: 10/13
  7159 | D:7      | Found a shattered altar of Ashenzari.
  7315 | D:7      | Got a fine falchion
  7317 | D:7      | Identified the +7 falchion "Haedao Ises" {venom, Str+5}
                  | (You found it on level 7 of the Dungeon)
  7679 | D:8      | Reached skill level 1 in Evocations
  7690 | D:8      | Found a sand-covered staircase.
  7698 | Ossuary  | Entered an ossuary
  8338 | D:8      | Found a blossoming altar of Fedhas.
  8344 | D:8      | Noticed Erica
  8368 | D:8      | Paralysed by something for 5 turns
  8376 | D:8      | Gained mutation: Your magical capacity is low. (-10% MP)
                  | [potion of mutation]
  8376 | D:8      | Gained mutation: Your magical capacity is very low. (-20%
                  | MP) [potion of mutation]
  8376 | D:8      | Gained mutation: Your muscles are strong. (Str +2) [potion
                  | of mutation]
  8387 | D:8      | Killed from afar by Erica

Levels and vault maps discovered:
D:1:      ebering_hopf_link, layout_basic
D:2:      layout_rooms
D:3:      layout_loops_ring, grunt_temple_overflow_open
D:4:      layout_loops_ring, kennysheep_mini, lemuel_doored_altar,
          minmay_temple_entry_overgrown, serial_undead, serial_undead_a,
          serial_undead_b, serial_undead_c, serial_undead_e, serial_shops, shop,
          minmay_misc_feat_roman
D:5:      lemuel_castle_with_subvaults [lemuel_castle_interior_carwin_1],
          layout_layer_cave, doesnt_xom_only_xom, serial_shops, shop_statue,
          first_ration, yredelemnul_altar_generic, uniq_menkaure,
          uniq_prince_ribbit1
D:6:      layout_loops_cross, kennysheep_little_box, lemuel_crystal_altar
D:7:      layout_cave_pools, evilmike_ruin_ashenzari, minmay_quadrilaterals
D:8:      layout_loops_ring, old_standard_altar, minmay_lair_entry_lava,
          nicolae_ossuary_entry_giza, hangedman_ranch [blue_anna_fruit_fields],
          trog_hazing_becter, uniq_erica
Temple:   nicolae_temple_god_jail

Skill      XL: |  1  2  3  4  5  6  7  8  9 10 |
---------------+-------------------------------+-----
Fighting       | 4 5 6 7 8 |  8.4
Shields        | 4 5 6 7 8 |  8.2
Axes           | 3 4 5 6 8 10 | 10.9
Armour         | 4 5 6 7 8 |  8.2
Dodging        | 1 |  1.5
Invocations    | 2 4 |  4.9
Evocations     | 1 |  1.5
Stealth        | |  0.1

Action                   |  1- 3 |  4- 6 |  7- 9 | 10-12 || total
-------------------------+-------+-------+-------+-------++-------
Melee: War axe           |    91 |   244 |   466 |   155 ||   956
Throw: Boomerang         |       |       |       |     4 ||     4
Invok: Heroism           |       |       |    10 |     7 ||    17
Evoke: Wand              |       |       |       |     5 ||     5
  Use: Potion            |       |     3 |     6 |     7 ||    16
       Scroll            |       |     1 |       |     2 ||     3
  Eat: Chunk             |       |     7 |     8 |     3 ||    18
       Ration            |       |     1 |     1 |     1 ||     3
Armor: Scale mail        |    51 |    87 |    15 |       ||   153
       Chain mail        |       |       |   229 |    49 ||   278
       Skin              |       |       |     1 |       ||     1
Dodge: Dodged            |    24 |    75 |   118 |    50 ||   267
Block: Kite shield       |    57 |   139 |   296 |    91 ||   583

Table legend:
 A = Non-vault XP
 B = Vault XP
 C = Vault XP percentage of total XP
 D = Non-vault monster count
 E = Vault monster count
 F = Vault count percentage of total count
                 A         B        C        D         E       F
            +---------+---------+-------+---------+---------+-------
      Total |    5048 |    1747 |  25.7 |     194 |      92 |  32.2
            +---------+---------+-------+---------+---------+-------
        D:1 |      30 |       0 |   0.0 |      18 |       0 |   0.0
        D:2 |     123 |       0 |   0.0 |      28 |       0 |   0.0
        D:3 |     276 |       0 |   0.0 |      37 |       0 |   0.0
        D:4 |     150 |      26 |  14.8 |      14 |       5 |  26.3
        D:5 |     590 |    1210 |  67.2 |      34 |      54 |  61.4
        D:6 |     676 |       0 |   0.0 |      16 |       0 |   0.0
        D:7 |    1545 |     243 |  13.6 |      25 |       3 |  10.7
        D:8 |    1658 |      20 |   1.2 |      22 |       3 |  12.0
    Ossuary |       0 |     248 | 100.0 |       0 |      27 | 100.0
            +---------+---------+-------+---------+---------+-------
